 Dungeon Crawl Stone Soup version 0.24-a0-443-g80245de (webtiles) character file.

Game seed: 8001869087428117505

553 pikmin25 the Covert (level 7, -13/35 HPs)
             Began as a Spriggan Assassin on June 22, 2019.
             Mangled by ishanyx's ghost (18 damage)
             ... on level 4 of the Dungeon.
             The game lasted 00:11:07 (3616 turns).

pikmin25 the Covert (Spriggan Assassin)             Turns: 3616, Time: 00:11:09

Health: -13/35     AC:  5    Str: 10    XL:     7   Next: 8%
Magic:  8/8        EV: 18    Int: 13    God:
Gold:   199        SH:  0    Dex: 19    Spells: 6/6 levels left

rFire    + . .     SeeInvis +   l - +0 short sword (venom)
rCold    x . .     Gourm    .   (shield restricted)
rNeg     . . .     Faith    .   b - +0 robe
rPois    .         Spirit   .   p - +2 hat
rElec    .         Reflect  .   c - +0 cloak
rCorr    .         Harm     +   (gloves unavailable)
MR       +....                  (boots unavailable)
Stlth    +++++.....             h - amulet of harm
HPRegen  0.11/turn              s - +3 ring of strength
MPRegen  0.11/turn              n - ring of fire

@: very quick
A: very small, unfitting armour, see invisible, herbivore, speed 3, slow
metabolism 2
a: no special abilities


You were on level 4 of the Dungeon.
You were hungry.

You visited 1 branch of the dungeon, and saw 4 of its levels.

You collected 199 gold pieces.

Inventory:

Hand Weapons
 a - a +2 dagger
 l - a +0 short sword of venom (weapon)
Missiles
 d - 13 poisoned darts (quivered)
 e - 9 curare-tipped darts
Armour
 b - a +0 robe (worn)
 c - a +0 cloak (worn)
 p - a +2 hat (worn)
Jewellery
 h - an amulet of harm (around neck)
 i - a -2 ring of slaying
 n - a ring of fire (right hand)
 s - a +3 ring of strength (left hand)
 t - an uncursed amulet of magic regeneration
Scrolls
 g - 2 scrolls of teleportation
 j - a scroll of magic mapping {unknown}
 k - 4 scrolls of identify
 m - a scroll of remove curse
 q - a scroll of amnesia
 u - a scroll of fog
Potions
 r - a potion of curing
Comestibles
 f - 8 rations


   Skills:
 + Level 2.6 Fighting
 + Level 5.4 Short Blades
 + Level 2.4 Throwing
 + Level 2.7 Dodging
 + Level 9.5 Stealth


You had 6 spell levels left.
You didn't know any spells.
Your spell library was empty.

Dungeon Overview and Level Annotations

Branches:
Dungeon (4/15)
 Temple: D:4-7

Altars:
Fedhas
Qazlal

Annotations:
D:3 2 transporters, Candollin's ghost, amateur HOFi
D:4 ishanyx's ghost, amateur MiGl


Innate Abilities, Weirdness & Mutations

You are very small and have problems with some larger weapons.
You are too small for most types of armour.
You have supernaturally acute eyesight. (SInv)
You are a herbivore.
You cover ground extremely quickly.
You need to consume almost no food.


Message History

Aim: ishanyx's ghost, wielding a weapon of electrocution You throw a poisoned dart.
The poisoned dart hits ishanyx's ghost.
Throwing (i - inventory. (/) - cycle)
d - 14 poisoned darts (quivered)
Press: ? - help, Shift-Dir - straight line, f/p - ishanyx's ghost
Aim: ishanyx's ghost, wielding a weapon of electrocution You throw a poisoned dart.
The poisoned dart hits ishanyx's ghost.
You miss ishanyx's ghost. Ishanyx's ghost completely misses you.
You hit ishanyx's ghost.
Ishanyx's ghost is lightly damaged.
You are feeling hungry.
You hit ishanyx's ghost.
Ishanyx's ghost is lightly damaged.
Ishanyx's ghost misses you.
You barely miss ishanyx's ghost.
Ishanyx's ghost is lightly damaged.
Ishanyx's ghost hits you!
* * * LOW HITPOINT WARNING * * *
You are electrocuted!
Ouch! That really hurt!
You die...

.....................## #.##.....
.##.#.................# #.##.....
#####..####..........## #.......#
.#.......#..###.......# #.##....#
....#........##.......###.##.....
....##.....................##....
.#...............................
..#... ......................#..
..##.# ##.<...#(@W((.......##.#..
.###.###.<....##.#..(.(.(..(..(..
....W.........####.......(.#.....
####......#....#.#....#.....[..##
# ##.##.##...........#.........#
#.##... ..........#..........
##.#..###..........#........()
####......#.......##.........#..#
.....#..................###..####


You could see ishanyx's ghost.

Vanquished Creatures
  A phantom (D:3)
  3 ogres (D:4)
  An orc wizard (D:3)
  3 worker ants (D:4)
  A gnoll (D:1)
  2 adders (D:2)
  2 oozes
  3 worms
  2 dart slugs
  A leopard gecko (D:3)
  3 orcs (D:3)
  7 bats
  A giant cockroach (D:3)
  9 goblins
  6 hobgoblins
  6 jackals
  8 kobolds
  A quokka (D:2)
  A ball python (D:2)
  5 frilled lizards
  2 leopard gecko skeletons (D:4)
  6 rats
74 creatures vanquished.

Notes
Turn   | Place    | Note
-------+----------+-------------------------------------------
     0 | D:1      | pikmin25 the Spriggan Assassin began the quest for the Orb.
     0 | D:1      | Reached XP level 1. HP: 10/10 MP: 2/2
    21 | D:1      | Reached skill level 6 in Stealth
   162 | D:1      | Reached XP level 2. HP: 13/15 MP: 3/3
   360 | D:1      | Reached skill level 7 in Stealth
   360 | D:1      | Reached XP level 3. HP: 13/18 MP: 4/4
   933 | D:2      | Reached XP level 4. HP: 15/23 MP: 5/5
   950 | D:2      | Found a blossoming altar of Fedhas.
   955 | D:2      | Found a stormy altar of Qazlal.
  1688 | D:3      | Reached skill level 8 in Stealth
  1859 | D:3      | Reached XP level 5. HP: 26/26 MP: 6/6
  1878 | D:3      | Noticed a phantom
  1907 | D:3      | Killed a phantom
  1912 | D:3      | Noticed a centaur
  1913 | D:3      | Noticed Candollin's ghost (amateur HOFi)
  1926 | D:3      | Found a transporter.
  2135 | D:3      | Found a transporter.
  2498 | D:4      | Noticed an ogre
  2510 | D:4      | Killed an ogre
  2510 | D:4      | Reached XP level 6. HP: 4/30 MP: 7/7
  2920 | D:4      | Reached skill level 5 in Short Blades
  2920 | D:4      | Reached skill level 9 in Stealth
  2996 | D:4      | Reached XP level 7. HP: 26/35 MP: 8/8
  3109 | D:4      | Found a runed translucent door.
  3110 | D:4      | Noticed ishanyx's ghost (amateur MiGl)
  3616 | D:4      | Mangled by ishanyx's ghost

Levels and vault maps discovered:
D:1:      lightli_molten_gateway, layout_loops_ring, corexii_hall_statues_x
D:2:      layout_basic, grunt_temple_overflow_forces_of_nature,
          hangedman_decor_push
D:3:      layout_loops_ring, first_ration, gammafunk_ghost_arena
D:4:      layout_cave_pools, ebering_ghost_inner_flame

Skill      XL: |  1  2  3  4  5  6 |
---------------+-------------------+-----
Stealth        | 6 7 8 9 |  9.5
Short Blades   | 3 4 5 |  5.4
Dodging        | 2 |  2.7
Fighting       | 2 |  2.6
Throwing       | |  2.4

Action                   |  1- 3 |  4- 6 |  7- 9 || total
-------------------------+-------+-------+-------++-------
Melee: Dagger            |    31 |       |       ||    31
       Short sword       |    37 |   113 |    16 ||   166
Throw: Dart              |    12 |     1 |    13 ||    26
  Use: Scroll            |       |     6 |       ||     6
       Potion            |       |     5 |       ||     5
 Stab: Sleeping          |    11 |    13 |     2 ||    26
       Distracted        |       |     1 |       ||     1
Armor: Robe              |    11 |    15 |     1 ||    27
Dodge: Dodged            |    53 |    71 |     8 ||   132

Table legend:
 A = Non-vault XP
 B = Vault XP
 C = Vault XP percentage of total XP
 D = Non-vault monster count
 E = Vault monster count
 F = Vault count percentage of total count
                 A         B        C        D         E       F
            +---------+---------+-------+---------+---------+-------
      Total |     790 |       0 |   0.0 |      74 |       0 |   0.0
            +---------+---------+-------+---------+---------+-------
        D:1 |      59 |       0 |   0.0 |      24 |       0 |   0.0
        D:2 |      55 |       0 |   0.0 |      16 |       0 |   0.0
        D:3 |     221 |       0 |   0.0 |      25 |       0 |   0.0
        D:4 |     455 |       0 |   0.0 |       9 |       0 |   0.0
            +---------+---------+-------+---------+---------+-------
